 Dungeon Crawl Stone Soup version 0.19.0 (webtiles) character file.

6242 CanadianGator the Grappler (level 10, -3/96 HPs)
             Began as a Troll Berserker on Nov 16, 2016.
             Was a High Priest of Trog.
             Slain by a guardian serpent (14 damage)
             ... on level 9 of the Dungeon.
             The game lasted 00:27:47 (6425 turns).

CanadianGator the Grappler (Troll Berserker)        Turns: 6425, Time: 00:27:48

Health: -3/96      AC:  9    Str: 27    XL:     10   Next: 62%
Magic:  9/9        EV: 14    Int:  3    God:    Trog [*****.]
Gold:   252        SH:  0    Dex: 16    Spells: 0 memorised, 9 levels left

rFire  . . .     SeeInvis +       - Unarmed
rCold  . . .     Gourm    +     C - +2 robe {MR+}
rNeg   . . .     Faith    +     (no shield)
rPois  .         Spirit   .     (helmet restricted)
rElec  .         Reflect  .     o - +1 cloak
rCorr  .         Harm     .     (gloves unavailable)
MR     ++...                    (boots unavailable)
Stlth  +.........               F - amulet of faith
                                v - ring "Agheruyh" {Dex+4 SInv}
                                r - ring of protection from magic

@: lethally poisoned (-3 -> -5)
A: unfitting armour, claws 3, hooves 1, fast metabolism 3, gourmand,
regeneration 1, shaggy fur 1, tough skin 2, evolution 1, MP-powered wands
a: Berserk, Trog's Hand, Brothers in Arms, Burn Spellbooks, Renounce Religion


You were on level 9 of the Dungeon.
You worshipped Trog.
Trog was extremely pleased with you.
You were completely stuffed.

You visited 1 branch of the dungeon, and saw 9 of its levels.

You collected 521 gold pieces.
You spent 269 gold pieces at shops.

Inventory:

Missiles
 w - 9 tomahawks
 y - 4 large rocks (quivered)
 B - a throwing net
Armour
 o - a +1 cloak (worn)
 C - a +2 robe of magic resistance (worn)
Jewellery
 k - an uncursed amulet of magic regeneration
 r - a ring of protection from magic (left claw)
 v - the ring "Agheruyh" (right claw) {Dex+4 SInv}
   (You bought it in a shop on level 6 of the Dungeon)

   [ring of see invisible]

   It affects your dexterity (+4).
   It lets you see invisible.
 F - an amulet of faith (around neck)
 G - a +2 ring of intelligence
Wands
 h - a wand of lightning (8/15)
 q - a wand of teleportation (3/9)
 t - a wand of slowing (11/48)
 x - a wand of polymorph (12/24)
 E - a wand of polymorph (15/24)
Scrolls
 f - a scroll of noise
 g - 5 scrolls of remove curse
 i - 5 scrolls of identify
 j - 3 scrolls of teleportation
 m - 6 scrolls of immolation
 D - a scroll of recharging
 H - a scroll of random uselessness {unknown}
Potions
 e - 3 potions of curing
 l - a potion of might
 p - a potion of flight
 u - a potion of brilliance
 z - a potion of haste
Comestibles
 b - 11 bread rations
 c - 22 chunks of flesh
 d - 5 meat rations
 n - a slice of pizza
 s - a beef jerky
 A - a royal jelly


   Skills:
 * Level 5.3 Fighting
 * Level 4.5 Throwing
 + Level 0.4 Armour
 * Level 6.6 Dodging
 * Level 12.2 Unarmed Combat


You had 9 spell levels left.
You didn't know any spells.

Dungeon Overview and Level Annotations

Branches:
Dungeon (9/15)             Temple (0/1) D:7            Lair (0/6) D:9
    Orc (0/2) D:9

Altars:
Cheibriados
Dithmenos
Elyvilon
Gozag
Nemelex Xobeh
Trog
Xom

Shops:
D:4 (   D:6 *   D:8 [


Innate Abilities, Weirdness & Mutations

You are too large for most types of armour.
You have claws for hands.
Your metabolism is lightning-fast.
You like to eat raw meat.
Your natural rate of healing is unusually fast.
You are covered in fur. (AC +1)
You have very tough skin. (AC +2)
You have large cloven feet.
You evolve.
You expend magic power (3 MP) to strengthen your wands.


Message History

* * * LOW HITPOINT WARNING * * *
You feel much better.
You feel very sick. The guardian serpent hits you!!
* * * LOW HITPOINT WARNING * * *
You feel better.
The guardian serpent hits you but does no damage.
The guardian serpent coils itself and waves its upper body at you.
The bolt of poison hits you!
You are poisoned.
* * * LOW HITPOINT WARNING * * *
You claw the guardian serpent! Your kick misses the guardian serpent.
The guardian serpent is almost dead.
You feel sick.
The guardian serpent closely misses you.
You barely miss the guardian serpent. Your kick misses the guardian serpent.
Your claw misses the guardian serpent.
The guardian serpent is almost dead.
You feel sick. The guardian serpent hits you!
You die...

#........##.##......##
#...........##......#
#...........##......#
##...........##.....##
####.....##............#
#........###############
#........####.#
#.............+
#........@S...#
#.............#
##...........##
#......###.#... ########
.# #.# .# # #


You could see a guardian serpent.

Vanquished Creatures
  A deep elf mage (D:6)
  The ghost of Tiruin the Skirmisher, a novice MiMo of Ru (D:4)
  Joseph (D:7)
  3 trolls
  Grinder (D:6)
  A hippogriff (D:9)
  Sigmund (D:3)
  4 yaks (D:8)
  A warg (D:9)
  Edmund (D:6)
  Duvessa (D:6)
  2 ice beasts
  3 orc warriors
  A sky beast (D:6)
  3 phantoms
  A necrophage (D:6)
  3 ogres
  A centaur (D:5)
  5 bullfrogs
  A water moccasin zombie (D:7)
  Dowan (D:6)
  4 scorpions
  A water moccasin skeleton (D:6)
  A howler monkey (D:4)
  An electric eel (D:7)
  7 crimson imps
  A centaur zombie (D:6)
  4 hounds
  A jelly (D:6)
  6 orc wizards
  An orc priest (D:9)
  An iguana (D:5)
  6 worker ants
  Ijyb (D:3)
  A hound skeleton (D:8)
  A howler monkey zombie (D:7)
  3 gnolls (D:8)
  9 adders
  A shadow imp (D:6)
  4 oozes
  2 adder skeletons
  2 worms
  2 dart slugs
  3 leopard geckos
  24 orcs
  4 ball pythons
  5 giant cockroaches
  6 goblins
  5 hobgoblins
  16 jackals
  A quokka (D:3)
  7 bats
  3 frilled lizards
  8 kobolds
  2 quokka zombies
  5 rats
186 creatures vanquished.

Notes
Turn   | Place    | Note
-------+----------+-------------------------------------------
     0 | D:1      | CanadianGator the Troll Berserker began the quest for the Orb.
     0 | D:1      | Reached XP level 1. HP: 22/22 MP: 0/0
    79 | D:1      | Reached XP level 2. HP: 29/29 MP: 1/1
   559 | D:2      | Reached XP level 3. HP: 36/36 MP: 2/2
   560 | D:2      | Reached ** piety under Trog
   828 | D:2      | Found a snail-covered altar of Cheibriados.
  1146 | D:2      | Reached skill level 1 in Throwing
  1146 | D:2      | Reached XP level 4. HP: 40/45 MP: 3/3
  1618 | D:3      | Reached skill level 4 in Unarmed Combat
  1645 | D:3      | Found a sparkling altar of Nemelex Xobeh.
  1867 | D:3      | Noticed Ijyb
  1873 | D:3      | Killed Ijyb
  1873 | D:3      | Reached XP level 5. HP: 53/53 MP: 4/4
  1952 | D:3      | Noticed Sigmund
  1965 | D:3      | Killed Sigmund
  1965 | D:3      | Reached skill level 5 in Unarmed Combat
  1965 | D:3      | Reached XP level 6. HP: 58/61 MP: 5/5
  2256 | D:4      | Reached *** piety under Trog
  2448 | D:4      | Found Isileq's Weapon Boutique.
  2555 | D:4      | Noticed Tiruin's ghost (novice MiMo)
  2571 | D:4      | Killed Tiruin's ghost
  2571 | D:4      | Reached skill level 6 in Unarmed Combat
  2571 | D:4      | Reached XP level 7. HP: 35/67 MP: 6/6
  2880 | D:4      | Found a white marble altar of Elyvilon.
  2880 | D:4      | Found a shadowy altar of Dithmenos.
  2998 | D:5      | Entered Level 5 of the Dungeon
  3123 | D:5      | Reached skill level 7 in Unarmed Combat
  3471 | D:5      | Reached XP level 8. HP: 63/78 MP: 7/7
  3645 | D:6      | Reached skill level 8 in Unarmed Combat
  3646 | D:6      | Noticed Grinder
  3658 | D:6      | Killed Grinder
  3721 | D:6      | Gained mutation: You expend magic power (3 MP) to strengthen your wands. [mutagenic meat]
  3722 | D:6      | Gained mutation: You have large cloven feet. [mutagenic meat]
  3776 | D:6      | Reached skill level 9 in Unarmed Combat
  3794 | D:6      | Noticed Edmund
  3808 | D:6      | Killed Edmund
  3871 | D:6      | Reached skill level 5 in Dodging
  3950 | D:6      | Reached XP level 9. HP: 83/84 MP: 8/8
  3954 | D:6      | Found Omynlesk's Assorted Antiques.
  3991 | D:6      | Bought a flickering golden ring for 115 gold pieces
  3993 | D:6      | Identified the ring "Agheruyh" {Dex+4 SInv} (You bought it in a shop on level 6 of the Dungeon)
  4236 | D:6      | Noticed Dowan
  4244 | D:6      | Noticed Duvessa
  4250 | D:6      | Reached **** piety under Trog
  4253 | D:6      | Killed Dowan
  4257 | D:6      | Killed Duvessa
  4431 | D:6      | Noticed a deep elf mage
  4459 | D:6      | Killed a deep elf mage
  4459 | D:6      | Reached skill level 10 in Unarmed Combat
  4920 | D:7      | Noticed Joseph
  4930 | D:7      | Killed Joseph
  4930 | D:7      | Reached skill level 11 in Unarmed Combat
  5162 | D:7      | Reached XP level 10. HP: 90/94 MP: 9/9
  5163 | D:7      | Gained mutation: You evolve. [potion of beneficial mutation]
  5187 | D:7      | Found a staircase to the Ecumenical Temple.
  5382 | D:8      | Found an opulent altar of Gozag.
  5388 | D:8      | Received a gift from Trog
  5753 | D:8      | Reached skill level 5 in Fighting
  5762 | D:8      | Reached ***** piety under Trog
  5953 | D:8      | Found a bloodstained altar of Trog.
  5989 | D:8      | Found Xaublas's Antique Armour Boutique.
  6023 | D:8      | Bought an embroidered robe for 154 gold pieces
  6201 | D:9      | Found a staircase to the Lair.
  6212 | D:9      | Found a staircase to the Orcish Mines.
  6235 | D:9      | Reached skill level 12 in Unarmed Combat
  6351 | D:9      | Found a shimmering altar of Xom.
  6351 | D:9      | Found a shimmering altar of Xom.
  6351 | D:9      | Found a shimmering altar of Xom.
  6351 | D:9      | Found a shimmering altar of Xom.
  6351 | D:9      | Found a shimmering altar of Xom.
  6353 | D:9      | Found a shimmering altar of Xom.
  6353 | D:9      | Found a shimmering altar of Xom.
  6353 | D:9      | Found a shimmering altar of Xom.
  6353 | D:9      | Found a shimmering altar of Xom.
  6353 | D:9      | Found a shimmering altar of Xom.
  6353 | D:9      | Found a shimmering altar of Xom.
  6413 | D:9      | Noticed a guardian serpent
  6425 | D:9      | Slain by a guardian serpent

Skill      XL: |  1  2  3  4  5  6  7  8  9 10 |
---------------+-------------------------------+-----
Dodging        | 3 4 5 6 |  6.6
Fighting       | 3 4 5 |  5.3
Throwing       | 1 2 3 4 |  4.5
Unarmed Combat | 4 5 6 7 9 11 12 | 12.2
Armour         | |  0.4

Action                   |  1- 3 |  4- 6 |  7- 9 | 10-12 || total
-------------------------+-------+-------+-------+-------++-------
Melee: Unarmed           |   101 |   102 |   245 |   129 ||   577
       Punch             |       |     3 |    12 |     4 ||    19
       Kick              |       |       |    60 |    44 ||   104
Throw: Stone             |     6 |    16 |    17 |       ||    39
       Large rock        |       |       |       |     8 ||     8
Invok: Berserk           |       |     1 |     3 |     2 ||     6
       Burn Spellbooks   |       |     1 |       |     2 ||     3
  Use: Scroll            |       |     8 |     4 |       ||    12
       Potion            |       |     8 |       |     3 ||    11
 Stab: Sleeping          |     1 |       |       |       ||     1
  Eat: Chunk             |    16 |    10 |    32 |    14 ||    72
Armor: Animal skin       |    38 |    31 |       |       ||    69
       Robe              |       |     9 |    54 |    29 ||    92
       Troll leather arm |       |       |       |     6 ||     6
       Skin              |       |       |       |     2 ||     2
Dodge: Dodged            |    79 |    54 |   117 |    90 ||   340
